 Dungeon Crawl Stone Soup version 0.28.0-47-ge53b351184 (webtiles) character file.

Game seed: 16936208071816022586

42324 Acheron the Carver (level 14, -7/109 HPs)
             Began as a Human Berserker on May 2, 2022.
             Was a High Priest of Trog.
             Mangled by a black mamba (8 damage)
             ... on level 2 of the Snake Pit.
             The game lasted 01:56:35 (26680 turns).

Acheron the Carver (Human Berserker)               Turns: 26680, Time: 01:56:36

Health: -7/109     AC: 19    Str: 23    XL:     14   Next: 54%
Magic:  3/14       EV: 17    Int:  6    God:    Trog [*****.]
Gold:   1122       SH: 11    Dex: 24    Spells: 13/13 levels left

rFire   + . .      SeeInvis .   f - +3 long sword (holy)
rCold   + . .      Faith    .   Y - +0 buckler
rNeg    + . .      Spirit   .   n - +2 ring mail {rF+}
rPois   .          Reflect  +   o - +0 helmet
rElec   +          Harm     .   (no cloak)
rCorr   .          Rampage  .   P - +0 pair of gloves of Midnight {-Cast Dex+5 Stlth+}
Will    +....      NoCast   +   m - +2 pair of boots of Hophi {rElec rN+ Str+4 Int-4 Dex+5}
Stlth   +++++.....              D - amulet of reflection
HPRegen 0.28/turn               J - ring of protection from cold
MPRegen 0.14/turn               L - +4 ring of protection

@: lethally poisoned (-7 -> -16), slowed, very slow
A: no striking features
a: Renounce Religion, Berserk, Trog's Hand, Brothers in Arms


You were on level 2 of the Snake Pit.
You worshipped Trog.
Trog was extremely pleased with you.
You visited 4 branches of the dungeon, and saw 23 of its levels.
You also visited: Bailey and Volcano.

You collected 1178 gold pieces.
You spent 56 gold pieces at shops.

Inventory:

Hand Weapons
 d - a +1 flail of holy wrath
 f - a +3 long sword of holy wrath (weapon)
 w - a +0 war axe of draining
 x - a +2 hand axe of flaming
 H - a +4 mace of protection
 O - a +0 trident of protection
 Q - a +1 scimitar of flaming
 W - a +4 antimagic triple sword
Missiles
 h - 6 javelins
 l - 9 poisoned darts
 r - 2 boomerangs (quivered)
 N - 3 silver boomerangs
Armour
 g - the +1 robe of Devotion {Contam Fly rElec Slay+5}
   (You found it on level 3 of the Lair of Beasts)

   Slay:      It affects your accuracy & damage with ranged weapons and melee
   (+5).
   rElec:     It insulates you from electricity.
   Fly:       It grants you flight.
   Contam:    It causes magical contamination when unequipped.
 i - a +2 chain mail of fire resistance
 m - the +2 pair of boots of Hophi (worn) {rElec rN+ Str+4 Int-4 Dex+5}
   (You acquired it on level 4 of the Dungeon)

   Str:       It affects your strength (+4).
   Int:       It affects your intelligence (-4).
   Dex:       It affects your dexterity (+5).
   rElec:     It insulates you from electricity.
   rN:        It protects you from negative energy.
 n - a +2 ring mail of fire resistance (worn)
 o - a +0 helmet (worn)
 u - +0 steam dragon scales
 B - a +1 ring mail of positive energy
 G - a +3 leather armour of fire resistance
 P - the +0 pair of gloves of Midnight (worn) {-Cast Dex+5 Stlth+}
   (You found it on level 1 of the Lair of Beasts)

   Dex:       It affects your dexterity (+5).
   -Cast:     It prevents spellcasting.
   Stlth:     It makes you more stealthy.
 Y - a +0 buckler (worn)
Jewellery
 k - a ring of see invisible
 v - an amulet of guardian spirit
 D - an amulet of reflection (around neck)
 J - a ring of protection from cold (left hand)
 L - a +4 ring of protection (right hand)
 Z - an amulet of the acrobat
Wands
 a - a wand of digging (4)
 c - a wand of mindburst (6)
 p - a wand of acid (22)
 C - a wand of charming (10)
 E - a wand of flame (6)
 I - a wand of iceblast (2)
Scrolls
 s - a scroll of blinking
 y - a scroll of magic mapping
 z - 3 scrolls of teleportation
 A - a scroll of fog
 S - 2 scrolls of enchant armour
 T - a scroll of identify
 U - 2 scrolls of noise
 X - 2 scrolls of immolation {unknown}
Potions
 b - 5 potions of curing
 e - a potion of might
 j - 2 potions of magic
 q - 5 potions of brilliance
 M - a potion of cancellation
 R - 2 potions of mutation
 V - a potion of ambrosia {unknown}
Miscellaneous
 K - a phantom mirror


   Skills:
 * Level 9.7 Fighting
 * Level 12.8 Long Blades
 * Level 4.3(4.8) Axes
 * Level 3.3(4.3) Maces & Flails
 * Level 6.1 Throwing
 + Level 10.3 Armour
 * Level 8.7 Dodging
 * Level 9.5 Stealth
 * Level 2.8 Shields
 * Level 6.0 Evocations


You had 13 spell levels left.
You didn't know any spells.
Your spell library was empty.

Dungeon Overview and Level Annotations

Branches:
Dungeon (13/15)              Lair (6/6) D:8          Shoals (0/4) Lair:2
  Snake (2/4) Lair:3        Slime (0/5) Lair:5          Orc (2/2) D:11
 Bailey (visited)         Volcano (visited)
 Temple: D:4-7          Elf: Orc:2       Vaults: D:13-14

Altars:
Ashenzari
Cheibriados
Fedhas
Gozag
Kikubaaqudgha
Nemelex Xobeh
Sif Muna
Trog
Uskayaw
Wu Jian
Yredelemnul
Zin
Jiyva

Shops:
D:7 ?

Annotations:
D:1 exclusion: downstairs
D:3 1 runed translucent door, Crazy Yiuf
D:5 exclusion: downstairs, Blork the orc
D:8 2 runed translucent doors
D:11 exclusion: 2 downstairs
Lair:4 3 runed translucent doors, jaiteiro's ghost, journeyman GnEE
Lair:5 exclusions: downstairs and upstairs


Message History

You feel sick. You block the naga mage's attack. The naga mage constricts you.
The naga mage casts a spell at you. The bolt of poison hits you!!
You are more poisoned.
The naga mage constricts you.
You slash the naga mage!
The naga mage is almost dead.
You feel very sick. You block the naga mage's attack.
The naga mage constricts you.
You slash the naga mage!
You kill the naga mage!
Trog accepts your kill.
Trog appreciates your killing of a magic user.
You feel very sick. The black mamba misses you.
You feel sick. You block the black mamba's attack.
You feel very sick.
You slash the black mamba!
The black mamba is lightly wounded.
You feel sick. You block the black mamba's attack.
A guardian serpent comes into view.
The black mamba bites you.
* * * LOW HITPOINT WARNING * * *
You are lethally poisoned!
You have difficulty breathing.
* * * LOW HITPOINT WARNING * * *
You feel yourself slow down.
* * * LOW HITPOINT WARNING * * *
You feel extremely sick. You block the black mamba's attack.
* * * LOW HITPOINT WARNING * * *
You feel very sick. The black mamba barely misses you.
The guardian serpent coils itself and waves its upper body at you.
The black mamba blinks!
You block the black mamba's attack.
You barely miss the black mamba.
* * * LOW HITPOINT WARNING * * *
You feel very sick. The black mamba bites you!
You die...

..# # ..#
#.##### ..#
#.....#######
..#
#<.....N.N S.
##.###### .#
#.#########.#
#...S@S.S.N.#
#############


You could see a naga warrior, a guardian serpent and 2 black mambas.

Vanquished Creatures
  A fire dragon (Volcano)
  6 hydras
  Erica (Lair:2)
  A centaur warrior (D:10)
  5 two-headed ogres
  Urug (Lair:5)
  Nergalle (Lair:3)
  A lindwurm (Lair:2)
  A mana viper (Snake:2)
  A cyclops (D:11)
  3 salamanders (Volcano)
  2 naga magi
  4 black mambas
  11 cane toads
  An unseen horror (D:12)
  18 komodo dragons
  A rime drake (Lair:1)
  4 trolls
  A polar bear (Lair:4)
  A hornet (D:7)
  9 blink frogs
  2 meliai zombies (D:11)
  A shadow (D:11)
  3 wraiths
  5 wyverns
  2 basilisks
  38 yaks
  3 fire bats (Volcano)
  5 steam dragons
  Menkaure (D:7)
  2 nagas (Lair:3)
  3 acid dragons
  16 water moccasins
  3 black bears
  9 orc warriors
  2 necrophages
  7 ogres
  9 wolves
  3 centaurs (D:8)
  2 phantoms
  A kobold brigand (D:9)
  15 bullfrogs
  A scorpion (D:7)
  3 wyvern skeletons
  A water moccasin zombie (D:5)
  5 howler monkeys
  4 bullfrog zombies
  2 hounds
  A jelly (D:5)
  2 centaur zombies
  A centaur skeleton (D:6)
  A gnoll shaman (D:6)
  9 orc priests
  Natasha (thrice) (D:4)
  9 orc wizards
  A killer bee zombie (D:6)
  7 gnolls
  6 adders
  2 river rats (D:3)
  A white imp (D:8)
  An ufetubus (D:4)
  An adder skeleton (D:4)
  4 worms
  50 orcs
  6 ball pythons
  8 endoplasms
  3 giant cockroaches
  16 goblins
  13 hobgoblins
  3 jackals (D:1)
  16 kobolds
  3 quokkas
  2 bats (D:1)
  3 frilled lizards
  3 rats
397 creatures vanquished.

Vanquished Creatures (collateral kills)
  A cane toad (Lair:2)
  5 wolves (Lair:2)
6 creatures vanquished.

Vanquished Creatures (others)
  A black bear (D:8)
  46 fungi
  158 plants
  2 withered plants
207 creatures vanquished.

Grand Total: 610 creatures vanquished

Notes
Turn   | Place    | Note
-------+----------+-------------------------------------------
     0 | D:1      | Acheron the Human Berserker began the quest for the Orb.
     0 | D:1      | Reached XP level 1. HP: 18/18 MP: 1/1
    92 | D:1      | You fall into a shaft and drop 1 floor!
   399 | D:1      | Reached XP level 2. HP: 20/24 MP: 2/2
  1114 | D:1      | Reached skill level 1 in Stealth
  1114 | D:1      | Reached XP level 3. HP: 29/29 MP: 3/3
  1472 | D:2      | Reached ** piety under Trog
  1593 | D:3      | Found a blossoming altar of Fedhas.
  1777 | D:4      | Noticed Natasha
  1786 | D:4      | Killed Natasha
  1787 | D:4      | Reached XP level 4. HP: 32/35 MP: 4/4
  1909 | D:4      | Noticed a necrophage
  1938 | D:4      | Killed a necrophage
  1939 | D:4      | Reached skill level 1 in Long Blades
  1939 | D:4      | Reached XP level 5. HP: 41/41 MP: 5/5
  2075 | D:5      | Entered Level 5 of the Dungeon
  2239 | D:4      | Found a basalt altar of Yredelemnul.
  2442 | D:4      | Reached skill level 2 in Long Blades
  2442 | D:4      | Reached XP level 6. HP: 42/47 MP: 6/6
  3259 | D:3      | Reached *** piety under Trog
  3680 | D:3      | Found an ornate altar of the Wu Jian Council.
  3943 | D:3      | Found a runed translucent door.
  3944 | D:3      | Noticed Crazy Yiuf
  4120 | D:4      | Identified a scroll of acquirement
  4120 | D:4      | Acquired the +2 pair of boots of Hophi {rElec rN+ Str+4
                  | Int-4 Dex+5}
  4201 | D:4      | Noticed Natasha
  4212 | D:4      | Killed Natasha
  4213 | D:4      | Reached XP level 7. HP: 47/52 MP: 7/7
  4420 | D:4      | Noticed Natasha
  4426 | D:4      | Killed Natasha
  4427 | D:4      | Reached skill level 3 in Long Blades
  4673 | D:5      | Noticed a yak
  4673 | D:5      | Noticed a yak
  4675 | D:5      | Noticed a yak
  4675 | D:5      | Noticed a yak
  4683 | D:5      | Noticed a yak
  4686 | D:5      | Noticed a yak
  4776 | D:5      | Reached skill level 4 in Long Blades
  4776 | D:5      | Reached XP level 8. HP: 57/60 MP: 8/8
  4779 | D:6      | Found a snail-covered altar of Cheibriados.
  4946 | D:7      | Found a shimmering blue altar of Sif Muna.
  4951 | D:7      | Noticed a hornet
  4959 | D:7      | Paralysed by a hornet for 3 turns
  4964 | D:7      | HP: 1/60 [hornet (6)]
  5067 | D:6      | Noticed Menkaure
  5067 | D:6      | Noticed a yak
  5067 | D:6      | Noticed a yak
  5072 | D:7      | Killed Menkaure
  5072 | D:7      | Reached **** piety under Trog
  5073 | D:7      | Reached skill level 5 in Armour
  5124 | D:7      | Found a flagged portal.
  5132 | Bailey   | Entered a bailey
  5291 | Bailey   | Noticed an orc knight
  5337 | Bailey   | Reached skill level 5 in Long Blades
  5627 | D:7      | Killed a hornet
  5628 | D:7      | Reached XP level 9. HP: 17/66 MP: 5/9
  5964 | D:7      | Found a sparkling altar of Nemelex Xobeh.
  6212 | D:7      | Found a broken altar of Ashenzari.
  6380 | D:8      | Found a runed translucent door.
  6487 | D:8      | Reached skill level 6 in Long Blades
  6522 | D:8      | Reached skill level 5 in Stealth
  6982 | D:8      | Reached skill level 5 in Dodging
  7159 | D:7      | Found an opulent altar of Gozag.
  7184 | D:7      | Found Wufoiqacw's Magic Scroll Boutique.
  7190 | D:7      | Bought a scroll of magic mapping for 56 gold pieces
  7310 | D:7      | Noticed a gargoyle
  7416 | D:7      | Reached skill level 5 in Fighting
  7679 | D:5      | Reached XP level 10. HP: 44/74 MP: 7/10
  7715 | D:6      | Reached skill level 7 in Long Blades
  8416 | D:6      | Found a hide-covered altar of Uskayaw.
  8606 | D:5      | Reached ***** piety under Trog
  8708 | D:5      | Noticed Blork the orc
  9079 | D:6      | Found a bloodstained altar of Trog.
  9084 | D:6      | Found an ancient bone altar of Kikubaaqudgha.
  9084 | D:6      | Found a glowing silver altar of Zin.
  9416 | D:8      | Reached skill level 8 in Long Blades
  9535 | D:8      | Found a staircase to the Lair.
  9555 | D:9      | Noticed a two-headed ogre
  9734 | D:8      | Found a runed translucent door.
 10620 | D:8      | Reached skill level 1 in Throwing
 10620 | D:8      | Reached skill level 1 in Evocations
 11053 | D:10     | Entered Level 10 of the Dungeon
 11053 | D:10     | Noticed a centaur warrior
 11068 | D:10     | Killed a centaur warrior
 11069 | D:10     | Reached XP level 11. HP: 40/81 MP: 5/11
 11317 | D:11     | Noticed a cyclops
 11330 | D:11     | Killed a cyclops
 11752 | D:12     | Noticed a cyclops
 11948 | D:12     | Noticed a deep elf pyromancer
 12105 | D:11     | Noticed a two-headed ogre
 12117 | D:11     | Killed a two-headed ogre
 12118 | D:11     | Reached skill level 9 in Long Blades
 12362 | D:11     | Found a staircase to the Orcish Mines.
 14155 | D:9      | Killed a two-headed ogre
 14528 | Orc:1    | Entered Level 1 of the Orcish Mines
 14592 | Orc:2    | Entered Level 2 of the Orcish Mines
 14617 | Orc:1    | Noticed an orc knight
 14617 | Orc:1    | Noticed a cyclops
 14831 | D:12     | Reached XP level 12. HP: 86/91 MP: 10/12
 14850 | D:12     | Noticed a catoblepas
 15905 | Lair:1   | Entered Level 1 of the Lair of Beasts
 15926 | Lair:1   | Noticed an eight-headed hydra
 15994 | Lair:1   | Identified the +0 pair of gloves of Midnight {-Cast Dex+5
                  | Stlth+}
 16083 | Lair:1   | Found a dark tunnel.
 16093 | Volcano  | Entered a volcano
 16410 | Volcano  | Reached skill level 10 in Long Blades
 16512 | Volcano  | HP: 4/92 [komodo dragon (9)]
 16892 | Volcano  | Noticed a two-headed ogre
 16923 | Volcano  | Killed a two-headed ogre
 17099 | Volcano  | Noticed a two-headed ogre
 17283 | Volcano  | Killed a two-headed ogre
 17458 | Volcano  | Noticed a two-headed ogre
 17467 | Volcano  | Killed a two-headed ogre
 17892 | Volcano  | Noticed a fire dragon
 17907 | Volcano  | Killed a fire dragon
 17908 | Volcano  | Reached XP level 13. HP: 92/99 MP: 9/13
 17919 | Volcano  | Reached skill level 11 in Long Blades
 19092 | Lair:2   | Noticed a four-headed hydra
 19360 | Lair:2   | Reached skill level 5 in Throwing
 19372 | Lair:2   | Reached skill level 10 in Armour
 19566 | Lair:2   | Noticed a four-headed hydra
 19636 | Lair:2   | Reached skill level 1 in Maces & Flails
 19637 | Lair:2   | Reached skill level 5 in Evocations
 19790 | Lair:2   | Killed a four-headed hydra
 20252 | Lair:2   | Noticed Erica
 20269 | Lair:2   | Killed Erica
 20380 | Lair:2   | Killed a one-headed hydra
 20552 | Lair:4   | Reached skill level 12 in Long Blades
 20980 | Lair:4   | Found a runed translucent gate.
 20980 | Lair:4   | Found a runed translucent gate.
 20981 | Lair:4   | Found a runed translucent gate.
 20981 | Lair:4   | Noticed jaiteiro's ghost (journeyman GnEE)
 21261 | Lair:5   | Received a gift from Trog
 21347 | Lair:5   | Noticed a six-headed hydra
 21395 | Lair:6   | Entered Level 6 of the Lair of Beasts
 21572 | Lair:6   | Noticed a seven-headed hydra
 21981 | Lair:6   | Reached XP level 14. HP: 91/108 MP: 11/14
 22305 | Lair:5   | Noticed Urug
 22325 | Lair:5   | Killed Urug
 22682 | Lair:5   | Reached skill level 1 in Shields
 23176 | Lair:5   | Found a viscous altar of Jiyva.
 23177 | Lair:5   | Found a staircase to the Slime Pits.
 23633 | Lair:4   | Found an ornate altar of the Wu Jian Council.
 24266 | Lair:3   | Noticed Nergalle
 24346 | Lair:2   | Found a staircase to the Shoals.
 25186 | Lair:3   | Killed Nergalle
 25330 | Lair:3   | Identified the +1 robe of Devotion {Contam Fly rElec
                  | Slay+5}
 25430 | Lair:3   | Found a staircase to the Snake Pit.
 25908 | Snake:1  | Entered Level 1 of the Snake Pit
 26548 | Snake:1  | Noticed a nagaraja
 26679 | Snake:2  | HP: 5/109 [poisoned by black mamba (concentrated venom)]
 26680 | Snake:2  | HP: 1/109 [poisoned by black mamba (concentrated venom)]
 26680 | Snake:2  | Mangled by a black mamba

Illustrated notes

Levels and vault maps discovered:
D:1:      evilmike_arrival_grusome_pit, layout_basic, due_unseen_surprise
D:2:      layout_loops_ring
D:3:      layout_basic, old_standard_altar, general_overflow_altar,
          portal_sewer_entry_b, bh_walls_and_bars, uniq_crazy_yiuf_cottage
D:4:      layout_loops_corners, yredelemnul_altar_generic,
          minmay_temple_entry_fiery, uniq_natasha
D:5:      layout_basic, minmay_ogre_servants, uniq_blork_the_orc
D:6:      layout_gridville, kennysheep_mini_moat, overflow_temple_1_default,
          gammafunk_temple_overflow_forgotten, kennysheep_big_empty_room,
          uniq_menkaure
D:7:      layout_loops_ring, nicolae_gozag_cash_rules_everything_around_me,
          mainiacjoe_overflow_catwalk, nicolae_ashenzari_skybound,
          nicolae_sif_muna_condensation, beargit_hepliaklqana_dungeon_heroes,
          enter_bailey_2, serial_shops, nicolae_shop_waterfront, st_stairs_4
D:8:      cheibrodos_histonic, layout_gridville, grunt_lair_entry_orc_guard_hut
D:9:      layout_rooms, billiards_dpeg
D:10:     layout_stronghold, st_stairs_3
D:11:     layout_loops_ring, erik_orc_4
D:12:     layout_rooms, gauntlet_entry_generic, argonaut_gorgonesque
D:13:     layout_loops_cross, ximxim_vaults_locker_room, chequers_hall_statues_y
Lair:1:   layout_cave_pods, lightli_volcano_entry_magma_tube,
          serial_bayou_shore_b, grunt_megastairs_5
Lair:2:   layout_gridlike, elwin_shoals_entry_rocks,
          chequers_serial_rivers_micro_d, infiniplex_staircase_pool, uniq_erica
Lair:3:   layout_gridlike, guppyfry_snake_entry_island, uniq_nergalle
Lair:4:   layout_regular_city, gammafunk_ghost_necromancy,
          eino_small_chamber_without_monster, nzn_masters_of_martial_movement,
          grunt_megastairs_4
Lair:5:   layout_roguey, dpeg_slime_entry_enclosed_altar, uniq_urug
Lair:6:   hellmonk_lair_end_abyssal_woods, layout_cellular_growth,
          lemuel_fruit_fields
Snake:1:  layout_misc_corridors, grunt_megastairs_1
Snake:2:  nicolae_snake_attic_fulla_snakes, layout_basic, basic_altar
Orc:1:    layout_caves, basic_altar
Orc:2:    kennysheep_orc_mage_school, layout_caves,
          nicolae_shop_overcharged_wands

Skill      XL: |  1  2  3  4  5  6  7  8  9 10 11 12 13 14 |
---------------+-------------------------------------------+-----
Stealth        | 1 2 3 4 5 6 7 8 9 |  9.5
Long Blades    | 1 2 4 5 6 8 9 10 12 | 12.8
Armour         | 3 4 5 7 8 9 10 | 10.3
Dodging        | 3 4 5 6 7 8 |  8.7
Fighting       | 4 5 6 7 8 9 |  9.7
Throwing       | 1 3 4 5 6 |  6.1
Evocations     | 1 3 4 5 6 |  6.0
Maces & Flails | 2 3 |  3.3
Shields        | 2 |  2.8
Axes           | 4 |  4.3

Action                   |  1- 3 |  4- 6 |  7- 9 | 10-12 | 13-15 || total
-------------------------+-------+-------+-------+-------+-------++-------
Melee: Hand axe          |    34 |       |       |       |     4 ||    38
       Punch             |     2 |     2 |     6 |    19 |    13 ||    42
       Long sword        |    39 |   167 |   232 |   733 |   605 ||  1776
       Triple sword      |       |       |       |       |    24 ||    24
       Mace              |       |       |       |       |    44 ||    44
       Scimitar          |       |       |       |       |    53 ||    53
Throw: Boomerang         |       |       |       |     6 |     7 ||    13
       Dart              |       |       |       |    29 |     4 ||    33
Invok: Berserk           |       |       |       |    10 |     1 ||    11
       Trog's Hand       |       |       |       |     1 |       ||     1
Evoke: Wand              |       |       |       |     1 |     2 ||     3
  Use: Scroll            |       |     1 |    11 |     9 |     3 ||    24
       Potion            |       |       |     2 |     5 |     7 ||    14
 Stab: Sleeping          |       |       |       |     6 |    15 ||    21
       Paralysed         |       |       |       |     6 |     2 ||     8
       Distracted        |       |       |       |     1 |     1 ||     2
Armor: Chain mail        |    38 |    39 |       |       |       ||    77
       Animal skin       |     1 |       |       |       |       ||     1
       Scale mail        |       |    60 |   143 |    33 |       ||   236
       Ring mail         |       |       |       |   247 |   279 ||   526
Dodge: Dodged            |    38 |    64 |   211 |   520 |   530 ||  1363
Block: Buckler           |       |       |       |       |   101 ||   101
